 Dungeon Crawl Stone Soup version 0.23-a0-473-gc8aadda (webtiles) character file.

6284 theanonym the Fighter (level 10, 0/85 HPs)
             Began as a Mummy Warper on Nov 27, 2018.
             Was a Priest of Okawaru (penitent).
             Slain by a troll (10 damage)
             ... led by the fury of Okawaru
             ... on level 7 of the Dungeon.
             The game lasted 00:23:20 (15802 turns).

theanonym the Fighter (Mummy Warper)               Turns: 15802, Time: 00:23:21

Health: 0/85       AC: 15    Str: 18    XL:     10   Next: 63%
Magic:  14/14      EV:  5    Int: 12    God:    Okawaru [*]
Gold:   454        SH:  0    Dex: 12    Spells: 14/14 levels left

rFire    x . .     SeeInvis .   b - +4 dagger (freeze)
rCold    + . .     Gourm    .   (no shield)
rNeg     + + +     Faith    .   k - +0 plate armour
rPois    ∞         Spirit   .   f - +1 helmet
rElec    .         Reflect  .   h - +1 cloak
rCorr    .         Harm     .   (no gloves)
MR       +....                  o - +0 pair of boots
Stlth    ..........             j - amulet of the acrobat
HPRegen  0.24/turn              (no ring)
MPRegen  0.14/turn              (no ring)

@: no status effects
A: no food or potions, fire vulnerability, cold resistance 1, negative energy
resistance 3, torment resistance, unbreathing
a: Renounce Religion


Innate Abilities, Weirdness & Mutations

You do not eat or drink.
Your flesh is vulnerable to fire.
You are immune to poison.
Your flesh is cold resistant. (rC+)
You are immune to negative energy. (rN+++)
You are immune to unholy pain and torment.
You can survive without breathing.


   Skills:
 + Level 9.8 Fighting
 - Level 4.5 Short Blades
 * Level 9.6 Bows
 - Level 0.7 Throwing
 - Level 0.7 Armour
 - Level 1.5 Dodging
 - Level 2.6 Spellcasting
   Level 2.4 Translocations
 - Level 3.0 Invocations


You had 14 spell levels left.
You didn't know any spells.
Your spell library contained the following spells:

 Spells                   Type           Power        Failure   Level  Hunger
 Animate Skeleton         Necr           N/A          100%        1    N/A
 Corona                   Hex            #......      100%        1    N/A
 Pain                     Necr           #...         100%        1    N/A
 Blink                    Tloc           N/A          100%        2    N/A
 Shroud of Golubria       Chrm/Tloc      #.........   100%        2    N/A
 Slow                     Hex            #.......     100%        2    N/A
 Gell's Gravitas          Tloc           #.........   100%        3    N/A
 Inner Flame              Hex/Fire       #.......     100%        3    N/A
 Lesser Beckoning         Tloc           #.........   100%        3    N/A
 Portal Projectile        Hex/Tloc       #.....       100%        3    N/A
 Teleport Other           Tloc           #.......     100%        3    N/A
 Vampiric Draining        Necr           #.........   100%        3    N/A
 Animate Dead             Necr           N/A          100%        4    N/A
 Cause Fear               Hex            #.........   100%        4    N/A
 Leda's Liquefaction      Hex/Erth       #.........   100%        4    N/A
 Passage of Golubria      Tloc           N/A          100%        4    N/A
 Regeneration             Chrm/Necr      Unusable     N/A         3    N/A

Skill      XL: |  1  2  3  4  5  6  7  8  9 10 |
---------------+-------------------------------+-----
Short Blades   | 2 3 4 |  4.5
Fighting       | 3 4 5 6 7 9 |  9.8
Bows           | 3 5 8 9 |  9.6
Invocations    | 2 3 |  3.0
Throwing       | |  0.7
Armour         | |  0.7
Dodging        | |  1.5
Spellcasting   | |  2.6
Translocations | |  2.4

Action                   |  1- 3 |  4- 6 |  7- 9 | 10-12 || total
-------------------------+-------+-------+-------+-------++-------
Melee: Short sword       |   220 |   413 |   128 |       ||   761
       Rapier            |       |       |     3 |    88 ||    91
       Dagger            |       |       |       |    30 ||    30
 Fire: Shortbow          |       |     7 |   526 |   329 ||   862
Throw: Tomahawk          |       |     2 |       |     3 ||     5
       Throwing net      |       |       |       |     2 ||     2
Invok: Heroism           |       |       |     3 |     4 ||     7
Evoke: Wand              |       |    12 |    25 |     4 ||    41
  Use: Scroll            |     5 |     3 |     6 |     5 ||    19
Armor: Chain mail        |   183 |    15 |       |       ||   198
       Plate armour      |       |   201 |   325 |   261 ||   787
Dodge: Dodged            |   115 |   111 |   111 |    88 ||   425

Inventory:

Hand Weapons
 a - a +0 shortbow
   (You took it off a centaur on level 4 of the Dungeon)
 b - a +4 dagger of freezing (weapon)
   (You took it off a wight on level 7 of the Dungeon)
 q - a +0 arbalest
   (You took it off a gnoll on level 5 of the Dungeon)
 r - a +1 rapier of protection
   (You found it on level 7 of the Dungeon)
Missiles
 m - 62 bolts
Armour
 f - a +1 helmet (worn)
   (You found it on level 2 of the Dungeon)
 h - a +1 cloak (worn)
   (You found it on level 7 of the Dungeon)
 k - a +0 plate armour (worn)
   (You found it on level 2 of the Dungeon)
 o - a +0 pair of boots (worn)
   (You found it on level 7 of the Dungeon)
Jewellery
 j - an amulet of the acrobat (around neck)
   (You found it on level 1 of the Dungeon)
Wands
 i - a wand of enslavement (8)
   (You found it on level 6 of the Dungeon)
Scrolls
 c - a scroll of summoning
 g - a scroll of enchant weapon {unknown}
 l - 2 scrolls of fear
 n - a scroll of remove curse
 y - a scroll of magic mapping
 B - 2 scrolls of blinking


You were on level 7 of the Dungeon.
You worshipped Okawaru.
Okawaru was demanding penance.
You were not hungry.

You visited 2 branches of the dungeon, and saw 10 of its levels.

You collected 454 gold pieces.

Dungeon Overview and Level Annotations

Branches:
Dungeon (9/15)             Temple (1/1) D:5            Lair (0/6) D:9
    Orc: D:9-12

Altars:
Ashenzari
Cheibriados
Dithmenos
Elyvilon
Fedhas
Gozag
Hepliaklqana
Kikubaaqudgha
Makhleb
Nemelex Xobeh
Okawaru
Qazlal
Ru
Sif Muna
Trog
Uskayaw
Vehumet
Wu Jian
Xom
Yredelemnul
Zin
The Shining One

Shops:
D:7 %

Annotations:
D:5 1 runed door, melvinkitnick's ghost, novice FoFi
D:7 2 transporters

.....#.##........[......#
.......##.......<.......#
.......###..............#
........##.............##
........##..[..........#
.........##...........##
.......#.##.....o...###
.......#..##....T..## ####
.......##.##...[@.## ##..#
<......##..##))..#####..##
[......###.##...........##
.).....###.......###.....#
.##....##..########......#
...######.## #.......#
.....###.##### #...>...#
##∩.....#....## ##......#
..#....[......# #......#


You could see a troll and an orc priest.

Notes
Turn   | Place    | Note
-------+----------+-------------------------------------------
     0 | D:1      | theanonym the Mummy Warper began the quest for the Orb.
     0 | D:1      | Reached XP level 1. HP: 16/16 MP: 4/4
   129 | D:1      | Reached XP level 2. HP: 23/23 MP: 5/5
   135 | D:1      | Reached skill level 2 in Short Blades
   543 | D:1      | Reached XP level 3. HP: 23/28 MP: 7/7
   736 | D:2      | Reached skill level 3 in Fighting
   933 | D:2      | Found a glowing silver altar of Zin.
  1304 | D:2      | HP: 13/29 [worm (6)]
  1309 | D:2      | HP: 10/29 [worm (1)]
  1610 | D:2      | Reached XP level 4. HP: 32/35 MP: 8/8
  2099 | D:4      | Reached skill level 3 in Short Blades
  2617 | D:2      | Reached skill level 4 in Fighting
  2617 | D:2      | Reached XP level 5. HP: 42/42 MP: 9/9
  2767 | D:3      | Found an ancient bone altar of Kikubaaqudgha.
  3184 | D:4      | HP: 19/43 [worker ant (4)]
  3189 | D:4      | HP: 15/43 [worker ant (1)]
  4005 | D:4      | Reached XP level 6. HP: 49/49 MP: 10/10
  4536 | D:5      | Entered Level 5 of the Dungeon
  4586 | D:5      | HP: 24/49 [wyvern zombie (10)]
  4743 | D:5      | Noticed a water moccasin
  4770 | D:4      | Killed a water moccasin
  4770 | D:4      | Reached skill level 5 in Fighting
  4770 | D:4      | Reached skill level 4 in Short Blades
  4865 | D:4      | HP: 23/51 [iguana (5)]
  5192 | D:5      | Reached XP level 7. HP: 56/56 MP: 11/11
  5218 | D:5      | HP: 26/56 [wyvern zombie (10)]
  5225 | D:5      | HP: 10/56 [wyvern zombie (9)]
  5226 | D:5      | HP: 2/56 [wyvern zombie (4)]
  5228 | D:5      | Reached skill level 1 in Bows
  5569 | D:5      | HP: 13/56 [ogre/+0 giant club (19)]
  5571 | D:5      | Reached skill level 2 in Bows
  5875 | D:5      | Found a staircase to the Ecumenical Temple.
  5891 | Temple   | Entered the Ecumenical Temple
  5945 | Temple   | Became a worshipper of Warmaster Okawaru
  6210 | D:5      | Found a runed door.
  6210 | D:5      | Noticed melvinkitnick's ghost (novice FoFi)
  6255 | D:5      | Found a hazy altar of Hepliaklqana.
  6280 | D:5      | Reached skill level 6 in Fighting
  6541 | D:5      | HP: 24/58 [sky beast (6)]
  6569 | D:5      | Reached skill level 3 in Bows
  6763 | D:5      | Found a blossoming altar of Fedhas.
  7192 | D:6      | Reached XP level 8. HP: 60/65 MP: 12/12
  7285 | D:6      | Reached skill level 4 in Bows
  7501 | D:6      | HP: 32/65 [orc warrior/+0 long sword (12)]
  7519 | D:6      | HP: 19/65 [orc warrior/+0 long sword (15)]
  7849 | D:6      | HP: 30/65 [orc warrior/+0 long sword (12)]
  8238 | D:6      | HP: 16/65 [orc warrior/+0 long sword (18)]
  8266 | D:6      | HP: 13/65 [orc warrior/+0 long sword (9)]
  8268 | D:6      | Reached * piety under Okawaru
  8641 | D:6      | Identified a scroll of acquirement
  8688 | D:7      | Found a basalt altar of Yredelemnul.
  8688 | D:7      | Noticed an efreet
  8708 | D:6      | HP: 29/65 [something (6)]
  8713 | D:6      | Reached skill level 1 in Invocations
  8713 | D:6      | HP: 11/65 [something (4)]
  8734 | D:6      | HP: 9/65 [sky beast (1)]
  8734 | D:6      | HP: 3/65 [sky beast (6)]
  9071 | D:6      | Reached skill level 7 in Fighting
  9071 | D:6      | Reached skill level 5 in Bows
  9170 | D:7      | Found Moruc's Food Shoppe.
  9188 | D:7      | Found a sacrificial altar of Ru.
  9339 | D:7      | Found a hide-covered altar of Uskayaw.
  9355 | D:7      | Reached skill level 2 in Invocations
  9474 | D:7      | Found a transporter.
  9627 | D:7      | Reached XP level 9. HP: 50/72 MP: 13/13
  9708 | D:7      | Found a transporter.
  9753 | D:7      | Reached skill level 6 in Bows
  9989 | D:7      | HP: 29/73 [orc warrior/+0 halberd (9)]
 10133 | D:7      | Reached ** piety under Okawaru
 10298 | D:7      | Noticed a +0 hand axe
 10300 | D:7      | Noticed a +0 hand axe
 10504 | D:7      | HP: 30/74 [wight/+4 battleaxe of freezing (18)]
 10509 | D:7      | HP: 11/74 [wight/+4 battleaxe of freezing (16)]
 10815 | D:7      | Reached skill level 8 in Fighting
 10887 | D:7      | HP: 36/74 [hippogriff (3)]
 11145 | D:7      | Reached skill level 7 in Bows
 11223 | D:7      | Found an opulent altar of Gozag.
 11665 | D:8      | Noticed Prince Ribbit
 11746 | D:8      | Noticed a two-headed ogre
 11763 | D:8      | HP: 29/75 [two-headed ogre/+0 giant club (10)]
 11764 | D:8      | Killed a two-headed ogre
 11764 | D:8      | Reached skill level 8 in Bows
 11914 | D:8      | Killed Prince Ribbit
 11914 | D:8      | Reached skill level 9 in Fighting
 12076 | D:8      | Reached *** piety under Okawaru
 12076 | D:8      | Reached XP level 10. HP: 82/83 MP: 14/14
 12602 | D:8      | HP: 40/83 [orc wizard/puff of flame (10)]
 12847 | D:8      | Received a gift from Okawaru
 12879 | D:8      | HP: 41/83 [black bear (1)]
 13173 | D:8      | Found a stormy altar of Qazlal.
 13205 | D:8      | Noticed Joseph
 13234 | D:8      | Killed Joseph
 13234 | D:8      | Reached skill level 9 in Bows
 13242 | D:8      | Reached skill level 3 in Invocations
 13611 | D:8      | HP: 40/83 [gnoll (4)]
 13928 | D:9      | Found a sparkling altar of Nemelex Xobeh.
 14074 | D:9      | Found a staircase to the Lair.
 14381 | D:9      | HP: 31/83 [orc warrior/+0 halberd (12)]
 14382 | D:9      | HP: 15/83 [orc warrior/+0 halberd (16)]
 15122 | D:8      | HP: 41/84 [killer bee (3)]
 15437 | D:9      | Was placed under penance by Okawaru
 15729 | D:8      | HP: 38/85 [orc warrior/+0 hand axe (9)]
 15756 | D:8      | Noticed a cyclops
 15756 | D:8      | Noticed an orc knight
 15756 | D:8      | Noticed an orc knight
 15786 | D:8      | HP: 41/85 [troll[the fury of Okawaru] (4)]
 15799 | D:7      | HP: 21/85 [orc priest/divine providence[the fury of
                  | Okawaru] (12)]
 15800 | D:7      | HP: 9/85 [orc priest/divine providence[the fury of Okawaru]
                  | (12)]
 15802 | D:7      | Slain by a troll

Vanquished Creatures
  A two-headed ogre (D:8)
  Joseph (D:8)
  A centaur skeleton (D:8)
  Prince Ribbit (D:8)
  A hippogriff (D:7)
  A wyvern (D:8)
  A water moccasin (D:4)
  6 orc warriors
  2 ice beasts
  5 sky beasts
  3 black bears
  A hornet zombie (D:8)
  3 ogres
  5 centaurs
  A big kobold (D:8)
  4 bullfrogs
  A wyvern zombie (D:5)
  A scorpion (D:8)
  6 killer bees (D:8)
  3 wights
  3 howler monkeys (D:7)
  A bullfrog zombie (D:7)
  5 crimson imps
  2 jellies
  4 orc priests
  A gnoll shaman (D:8)
  3 iguanas
  13 orc wizards
  3 worker ants
  A killer bee zombie (D:5)
  A worker ant zombie (D:5)
  8 gnolls
  7 adders
  2 adder skeletons
  4 worms
  A dart slug (D:1)
  5 leopard geckos
  34 orcs
  A ball python (D:2)
  6 giant cockroaches
  8 goblins
  7 hobgoblins
  20 jackals
  A quokka (D:2)
  7 bats
  4 frilled lizards
  7 kobolds
  A leopard gecko skeleton (D:7)
  6 rats
  A bush (D:4)
215 creatures vanquished.

Vanquished Creatures (collateral kills)
  An orc priest (D:9)
  An orc (D:9)
  A quokka (D:9)
3 creatures vanquished.

Vanquished Creatures (others)
  A wight (D:7)
1 creature vanquished.

Grand Total: 219 creatures vanquished

Table legend:
 A = Turns spent in this place as a percentage of turns spent in the entire game.
 B = Non-inter-level travel turns spent in this place as a percentage of non-inter-level travel turns spent in the entire game.
 C = Inter-level travel turns spent in this place as a percentage of turns spent in this place.
 D = Turns resting spent in this place as a percentage of non-inter-level travel turns spent in this place.
 E = Turns spent auto-exploring this place as a percentage of non-inter-level travel turns spent in this place.
 F = Non-inter-level travel turns spent in this place divided by the number of levels of this place that you've seen.
                   A       B       C       D       E      F
               +-------+-------+-------+-------+-------+----------------------
         Total | 100.0 | 100.0 |   4.9 |  46.0 |  34.4 | 1502.5
       Dungeon |  99.6 |  99.6 |   4.9 |  46.2 |  34.2 | 1663.2
        Temple |   0.4 |   0.4 |  13.8 |   0.0 |  91.1 |  56.0
               +-------+-------+-------+-------+-------+----------------------
